[Event "Serbian-ch Semifinal 2024"]
[Site "Paracin"]
[Date "2024.02.11"]
[Round "9.3"]
[White "Atalik, Suat"]
[Black "Pap, Misa"]
[Result "1-0"]
[ECO "E20"]
[WhiteElo "2439"]
[BlackElo "2422"]
[Annotator "TA"]
[PlyCount "93"]
[EventDate "2024.02.04"]
[EventType "swiss"]
[EventCountry "SRB"]
[SourceTitle "playchess.com"]
[Source "ChessBase"]
[SourceQuality "1"]
[TimeControl "40/5400+30:1800+30"]

1. d4 Nf6 2. c4 e6 3. Nc3 Bb4 4. g3 Bxc3+ 5. bxc3 d6 6. Bg2 {[%emt 0:01:43] E20: Nimzo-Indian: 4 g3 and 4 f3.} O-O 7. Nf3 Nc6 {[%emt 0:00:06] 7...Nbd7 is not played anymore.} 8. Qd3 Re8 9. O-O e5 10. Nd2 Qe7 11. e4 b6 12. Re1 Ba6 13. Ba3 Qd7 $146 ({Predecessor:} 13... Nd7 14. f4 Qf6 15. Bh3 Bc8 16. Bxd7 Bxd7 17. fxe5 dxe5 18. d5 Na5 19. Nb3 Nb7 {1-0 Abdusattorov,N (2634)-Praggnanandhaa,R (2608) Gelfand Challenge rapid 2021 (4)}) 14. f4 Na5 15. fxe5 dxe5 16. d5 c5 17. Rf1 Qe7 (17... Qa4 18. Rxf6 Qxa3 (18... gxf6 19. Qf3 $17) 19. Rf2 $11) 18. Bf3 Rf8 19. Bd1 Ne8 20. Ba4 Nd6 21. Bb5 Bc8 22. Nb3 $2 (22. Kg2 $17 {was worth a try.}) 22... Nab7 (22... a6 $19 23. Nxa5 axb5) 23. Rf2 Bg4 (23... f5 $142 24. Nd2 fxe4 25. Rxf8+ Qxf8) 24. Re1 $17 Rac8 25. Nd2 Bd7 26. Nf3 f5 (26... f6 $17 27. Ba6 Qe8) 27. Bxd7 $11 Qxd7 28. Nxe5 Qa4 29. exf5 Qxa3 30. f6 $2 {[%emt 0:00:52] [#]} (30. Nc6 $1 $11) 30... Rce8 $1 $19 (30... gxf6 31. Nd7 f5 32. Nxf8 Rxf8 33. Qe3 $16) (30... Rxf6 31. Rxf6 gxf6 32. Nd7 $11) 31. Qd2 gxf6 $2 (31... Rxf6 $19 32. Rxf6 gxf6) 32. Nd7 Qa4 (32... Nxc4 33. Nxf6+ Kh8 34. Rxe8 (34. Nxe8 Rg8 35. Qh6 Qxc3 36. Re7 Qa1+ 37. Kg2 Ne3+ 38. Rxe3 Qd4) 34... Nxd2 35. Rxf8+ Kg7 36. Ne8+ Kh6 37. R8f6+ (37. Rxd2 $2 Qc1+ 38. Rf1 Qxd2 $19) (37. R2f6+ Kh5 38. Rf5+ Kg4 39. Kg2 Qxc3 40. h3#) 37... Kg5 38. R2f5+ (38. Rxd2 $2 Qc1+ 39. Rf1 Qxd2 $19) 38... Kg4 39. Kg2 Qxc3 40. h3#) (32... Rxe1+ $5 33. Qxe1 f5 $11) 33. Nxf6+ (33. Nxf8 {is more complex.} Rxf8 34. Re6 Qd7 35. Qf4) 33... Rxf6 34. Rxf6 Rxe1+ $1 ({Inferior is} 34... Qxc4 35. Qg5+ Kh8 36. Rxe8+ Nxe8 37. Rf8#) (34... Ne4 35. Rxe4 Kh8 36. Qh6 (36. Rxe8+ Qxe8 37. Qh6 Kg8 38. Qg5+ Qg6 39. Rxg6+ hxg6 40. Qxg6+ Kf8 41. Qf6+ Ke8) 36... Rg8 37. Rf8 Qd1+ 38. Rf1) 35. Qxe1 Qd7 $2 (35... Nf7 $1 $11 {and Black has nothing to worry.}) 36. Re6 $2 (36. Qe5 $18) 36... Nd8 $1 $11 37. Re7 Qf5 (37... Qa4 $1 $11) 38. Rxa7 $16 N8f7 39. Qe6 Qf3 40. Rd7 Qd1+ 41. Kg2 Qc2+ $2 (41... Kf8 $11 {and Black is okay.}) 42. Kh3 $18 Kf8 (42... Qf5+ $142 43. Qxf5 Nxf5) 43. Qe7+ $18 (43. Rxd6 $2 {is the wrong capture.} Ng5+ (43... Qxa2 $2 {perishes.} 44. Qc8+ Kg7 45. Qg4+ Kf8 46. Rc6 $18) 44. Kg4 Nxe6 45. dxe6 Qe4+ (45... Qxc3 $2 46. Kf5 $19) (45... Qxh2 $2 46. Rxb6 h5+ 47. Kf5 $19) (45... Qxa2 $2 46. Rxb6 Qxc4+ 47. Kh3 $19) 46. Kh3 Qb1 $19 (46... Qxc4 $2 47. Rxb6 h5 48. Rb2 $19)) 43... Kg8 44. Rd8+ Kg7 45. Qf8+ Kg6 46. Rxd6+ Nxd6 47. Qxd6+ 1-0

[Event "Serbian-ch Semifinal 2024"]
[Site "Paracin"]
[Date "2024.02.11"]
[Round "9.5"]
[White "Injac, Teodora"]
[Black "Bryakin, Mikhail"]
[Result "1/2-1/2"]
[ECO "D10"]
[WhiteElo "2439"]
[BlackElo "2479"]
[Annotator "TA"]
[PlyCount "90"]
[EventDate "2024.02.04"]
[EventType "swiss"]
[EventCountry "SRB"]
[SourceTitle "playchess.com"]
[Source "ChessBase"]
[SourceQuality "1"]
[TimeControl "40/5400+30:1800+30"]

1. d4 d5 2. c4 c6 3. cxd5 cxd5 4. Bf4 Nf6 5. e3 Nc6 6. Bd3 a6 7. Nc3 Bg4 8. Nge2 e6 9. O-O Be7 10. Rc1 O-O 11. Na4 Bh5 12. Qb3 Ra7 {[%emt 0:03:52] White is slightly better.} 13. a3 Bg6 14. Bxg6 hxg6 15. Rc2 Nd7 16. Qc3 Nb6 17. Nxb6 Qxb6 18. Nc1 Raa8 19. Qb3 Qb5 20. Qxb5 axb5 21. Nd3 g5 22. Bg3 Ra6 23. Nc5 Ra7 24. Bc7 Bxc5 25. Rxc5 b4 $1 ({Don't play} 25... Rc8 $6 26. Bb6 Ra6 27. Rxb5 $18) 26. Rb5 bxa3 27. bxa3 Rc8 28. Bd6 $36 {[%emt 0:00:16][%mdl 2048] White is pushing.} Na5 29. Bc5 Ra6 30. g4 Rcc6 31. Rfb1 Kh7 32. Kg2 Kg6 33. h3 Kf6 (33... Ra8 $11) 34. R5b2 {[%emt 0:04:45] White is more active.} (34. e4 $1 $14) 34... Ra8 {[%emt 0:01:13] The position is equal.} 35. Rb5 Kg6 36. R5b2 Rcc8 37. Rb5 Nc4 38. Rxb7 Nxa3 39. Bxa3 Rxa3 $11 {[%emt 0:00:06][%mdl 4096] Endgame. KRR-KRR} 40. Rd7 Kf6 41. Rbb7 Rf8 42. Kg3 Ra2 43. Rb6 Ra5 $1 44. Rbb7 Kg6 45. Rbc7 Ra2 {[%emt 0:00:00] Weighted Error Value: White=0.06 (flawless) /Black=0.06 (flawless) .  Mistake:       	White=1     	Black=1      Inaccurate:     	White=1     	Black=1      OK:         	White=13    	Black=14     Best:        	---       	Black=1      Strong:       	---       	Black=2} 1/2-1/2

[Event "Serbian-ch Semifinal 2024"]
[Site "Paracin"]
[Date "2024.02.11"]
[Round "9.6"]
[White "Nestorovic, Nikola"]
[Black "Stankovic, Boris"]
[Result "0-1"]
[ECO "D02"]
[WhiteElo "2465"]
[BlackElo "2310"]
[Annotator "TA"]
[PlyCount "76"]
[EventDate "2024.02.04"]
[EventType "swiss"]
[EventCountry "SRB"]
[SourceTitle "playchess.com"]
[Source "ChessBase"]
[SourceQuality "1"]
[TimeControl "40/5400+30:1800+30"]

1. d4 Nf6 2. Nf3 d5 3. c3 e6 4. Bf4 c5 5. e3 Be7 6. Nbd2 O-O 7. Bd3 b6 8. Ne5 Bb7 {[%emt 0:05:19] The position is equal.} 9. Qf3 Nbd7 (9... a5 {simplifies} 10. O-O Ba6 11. c4 cxd4 12. exd4 Bb7) 10. Qh3 (10. O-O {simplifies} Nxe5 11. dxe5 Nd7 12. Bc2) 10... g6 11. Bh6 Re8 12. f4 Ne4 {[%emt 0:03:28] [#]} ({Black should try} 12... a5 $14) 13. Nxe4 $1 $16 dxe4 14. Bb5 Bc8 (14... Nxe5 $16 15. fxe5 cxd4) 15. Bc6 (15. O-O-O $18 {is more deadly.}) 15... Rb8 (15... Nxe5 $16 16. fxe5 (16. Bxa8 $2 Nd3+ 17. Kd2 e5 $19) 16... Ba6 17. Bxa8 (17. Bxe4 Rc8 $16) 17... Qxa8) 16. Bxe4 ({Better is} 16. O-O-O $18) 16... Qc7 17. Nc6 (17. O-O $16) 17... Nf6 $1 $14 18. Nxe7+ Qxe7 19. Bg5 {[%emt 0:23:17] Black must now prevent dxc5.} e5 $1 20. Bxf6 (20. Qh4 $11 exd4 21. Bxf6 Qxe4 22. O-O) 20... Qxf6 $15 21. dxe5 Bxh3 22. exf6 Rxe4 23. gxh3 Rxe3+ $11 {[%emt 0:00:11][%mdl 4096] Endgame. KRR-KRR} 24. Kf2 Re6 25. Rhe1 Rxf6 26. Kg3 Rd8 27. Rad1 {[%emt 0:01:45] Prevents Rd3+} Rfd6 28. Rxd6 Rxd6 $17 {[%emt 0:00:00] KR-KR} 29. Re7 Rd2 30. Rxa7 Rxb2 {[%emt 0:00:00] Black is more active.} 31. c4 {[%emt 0:00:01] [#]} (31. h4 $17) 31... Kg7 $1 $19 32. h4 Rc2 33. Ra6 (33. h5 $17 {was worth a try.}) 33... Rc3+ (33... Rxc4 34. Rxb6 Rc3+ 35. Kg2 $17) 34. Kg2 Rxc4 35. Rxb6 Rxf4 36. h5 Ra4 ({Not} 36... gxh5 37. Rc6 $17) 37. Rb2 g5 ({Weaker is} 37... gxh5 38. Kf3 $19) 38. Rc2 Kh6 {[%emt 0:00:00] Quite a comeback for Black.   Weighted Error Value: White=0.36/Black=0.23 (precise) .  Loses game:     	---       	Black=1      Missed win:     	White=1     	---        Mistake:       	White=5     	Black=2      Inaccurate:     	White=2     	Black=3      OK:         	White=11    	Black=12     Best:        	White=1     	Black=4      Strong:       	White=1     	Black=2} 0-1

[Event "Serbian-ch Semifinal 2024"]
[Site "Paracin"]
[Date "2024.02.11"]
[Round "9.7"]
[White "Tadic, Stefan"]
[Black "Ratkovic, Milovan"]
[Result "1/2-1/2"]
[ECO "B72"]
[WhiteElo "2390"]
[BlackElo "2396"]
[Annotator "TA"]
[PlyCount "117"]
[EventDate "2024.02.04"]
[EventType "swiss"]
[EventCountry "SRB"]
[SourceTitle "playchess.com"]
[Source "ChessBase"]
[SourceQuality "1"]
[TimeControl "40/5400+30:1800+30"]

1. e4 c5 2. Nf3 d6 3. d4 cxd4 4. Nxd4 Nf6 5. Nc3 a6 6. Bd3 g6 7. f3 {[%emt 0:00:38] seems to push 7.0-0 aside.} Bg7 8. Be3 Nc6 {[%emt 0:02:32] B72: Sicilian Dragon: 6 Be3, lines with h3+Bc4 and sidelines.} 9. Qd2 Nd7 10. Nb3 $146 ({Predecessor:} 10. Be2 h5 11. O-O-O Qa5 12. h3 Nf6 13. g4 h4 14. f4 Be6 15. Nxe6 fxe6 16. Bc4 {½-½ Krylov,D (1759)-Tkachev,V (2003) Kstovo Kichigin Memorial op 2010 (1)}) 10... b5 11. O-O-O Nb6 12. Bh6 Bxh6 13. Qxh6 Be6 14. Qg7 Kd7 {[%emt 0:04:28] [#]} 15. Nd5 (15. Qh6 $1 $14) 15... Bxd5 (15... Nxd5 $11 16. exd5 Bxd5) 16. exd5 $16 Ne5 17. f4 (17. Qh6 $1 $16) 17... Qf8 $15 18. Qxf8 Nxd3+ 19. Rxd3 Rhxf8 20. Rf1 Rac8 21. f5 gxf5 (21... f6 $17) 22. Rxf5 $11 e6 23. dxe6+ fxe6 24. Rh5 Rf7 25. Nc5+ Ke7 26. Ne4 Nd5 27. Rf3 Rxf3 (27... Nf4 $11 {remains equal.}) 28. Rxh7+ $16 (28. gxf3 Nf6 (28... Rh8 29. Rg5 $14) 29. Nxf6 Kxf6 $15) 28... Rf7 29. Rxf7+ Kxf7 30. Nxd6+ Ke7 31. Nxc8+ Kd7 32. Na7 Kc7 33. h4 (33. g4 $1 $18) 33... Kb6 $2 {[%emt 0:00:33][%mdl 8192] [#]} (33... Nf6 $16 {was worth a try.} 34. Kd2 e5 (34... Kb7 $2 35. Nxb5 axb5 36. c4 $18)) 34. Nxb5 $1 $18 (34. Nc8+ Kc7 $18) 34... axb5 35. h5 Nf6 36. h6 Kc5 37. Kd2 Kd4 38. c3+ Kd5 $2 (38... Ke4 {is a better defense.} 39. c4 bxc4) 39. b3 $18 e5 40. a4 bxa4 41. bxa4 Kc4 42. Ke3 $2 ({Better is} 42. a5 $18 {And now a6 would win.} Kb5 43. Kd3) 42... Kc5 $2 (42... Ng4+ $11 43. Ke4 Nxh6) 43. Kf3 $18 Kc4 {[%emt 0:02:07] [#]} 44. h7 $2 (44. a5 $1 $18 {[%mdl 512] Black must now prevent a6.} Kd3 (44... Kb5 45. g4) 45. a6 e4+ 46. Kf4) 44... Nxh7 45. Ke4 Nf6+ 46. Kxe5 Nd7+ 47. Kd6 (47. Ke6 $5 Nc5+ $8 48. Kf5 $11) 47... Nc5 48. a5 Nb7+ 49. Ke6 Nxa5 50. g4 Nb3 51. g5 Nc5+ 52. Kf5 Kd5 53. c4+ (53. g6 $5 Ne6 $8 54. c4+ (54. Kf6 Nf4 $11) 54... Kd6 55. Ke4 $11 (55. Kf6 Nf4 $11)) 53... Kd6 $1 54. g6 Ke7 55. Ke5 Kf8 56. g7+ Kxg7 57. Kd5 Nb3 58. c5 Nxc5 59. Kxc5 1/2-1/2

[Event "Serbian-ch Semifinal 2024"]
[Site "Paracin"]
[Date "2024.02.11"]
[Round "9.8"]
[White "Djordjevic, Vuk"]
[Black "Perunovic, Miodrag"]
[Result "1-0"]
[ECO "A45"]
[WhiteElo "2367"]
[BlackElo "2373"]
[Annotator "TA"]
[PlyCount "149"]
[EventDate "2024.02.04"]
[EventType "swiss"]
[EventCountry "SRB"]
[SourceTitle "playchess.com"]
[Source "ChessBase"]
[SourceQuality "1"]
[TimeControl "40/5400+30:1800+30"]

1. d4 Nf6 2. Bg5 Ne4 3. Bf4 c5 4. f3 Qa5+ 5. c3 Nf6 6. d5 e6 7. e4 exd5 8. exd5 d6 9. a4 Be7 10. Na3 O-O 11. Nc4 Qd8 12. Qd2 Re8 13. Kf2 Na6 14. Na3 Bf8 15. Bc4 Nc7 16. Ne2 b6 17. Nb5 a6 18. Nxc7 Qxc7 19. Bg5 Nd7 20. Ng3 Ne5 21. Be2 Rb8 22. b4 b5 23. axb5 axb5 24. Be3 cxb4 25. cxb4 Nc4 26. Rhc1 Bd7 27. Qd4 g6 28. Ra7 Rb7 29. Bxc4 bxc4 30. Rxb7 Qxb7 31. Ne4 Bg7 {[%emt 0:23:38] [#]} 32. Nf6+ $1 (32. Qxc4 Bb5 33. Qa2 (33. Nxd6 $2 Qe7 $19) 33... Be5 $16) 32... Bxf6 33. Qxf6 Qxd5 $2 ({And not} 33... Qxb4 34. Bh6 Qb6+ 35. Kg3) (33... Rxe3 34. Kxe3 Qxb4) 34. Bd4 $18 Re5 35. Bxe5 $2 (35. Rd1 Ba4 36. Bxe5 Qxe5 37. Qxe5 (37. Rxd6 Qxf6 38. Rxf6 c3 $18) (37. Qxd6 Qb2+ 38. Rd2 Qc3 $18) 37... dxe5 38. Ra1) 35... dxe5 $18 36. Qg5 Qd4+ 37. Qe3 Qb2+ 38. Kg1 Qxb4 39. Qxe5 Qb6+ 40. Kh1 f6 (40... Qb5 $142 41. Qxb5 Bxb5) 41. Qe7 $18 Qe6 42. Qc5 Kg7 43. Kg1 Bb5 44. Kf2 (44. Qxb5 $2 {loses.} Qe3+ 45. Kf1 Qxc1+ 46. Ke2 Qc2+ 47. Kf1 Qd1+ 48. Kf2 c3 $19) 44... Qd7 45. Re1 Kh6 $2 (45... Kf7 46. Kg1 g5) 46. Qf8+ $18 Qg7 47. Qxg7+ $2 (47. Qd8) 47... Kxg7 $18 48. Re7+ Kh6 $2 (48... Kg8 {was necessary.} 49. Rc7 h5) 49. Rc7 $18 g5 50. Rc5 Bd7 51. Rxc4 Kg6 52. Ke3 h6 $2 (52... Bb5) 53. Rc7 $18 Bb5 54. Rc5 Bf1 55. Rc2 Bb5 56. Ke4 Ba6 57. Rb2 h5 58. g3 Bc4 59. h4 gxh4 60. gxh4 Be6 61. Rb5 (61. Kd4 $142 Kf5 62. Rb4 Bf7 63. Kc5 Ke6 64. Rb6+ Ke5 65. f4+ Kf5 66. Kd6) 61... Bd7 62. Rc5 Bh3 63. Kd4 (63. Rc1 $142 Be6 64. Rg1+ Kf7 65. Rb1 Kg6 66. Rg1+ Kf7 67. Kd4 Bh3 68. Kd5) 63... Bg2 $18 64. Ke3 Bh3 65. Ke4 Bg2 66. Rc1 Bh3 67. Rg1+ Kf7 68. Kd5 Bc8 69. Kd6 Bb7 70. Rg3 Ba8 71. f4 Be4 72. Rc3 Kg6 73. Rc5 Bf5 74. Ke7 (74. Ra5 $142 Bh3 75. Ke7 Bc8 76. Ra8 Bg4 77. Rf8 Kf5 78. Rxf6+ Ke4 79. Kf7) 74... Be4 75. Ke6 1-0

[Event "Serbian-ch Semifinal 2024"]
[Site "Paracin"]
[Date "2024.02.11"]
[Round "9.9"]
[White "Jocev, Milan"]
[Black "Todorovic, Goran N"]
[Result "1/2-1/2"]
[ECO "E04"]
[WhiteElo "2376"]
[BlackElo "2263"]
[Annotator "RC"]
[PlyCount "82"]
[EventDate "2024.02.04"]
[EventType "swiss"]
[EventCountry "SRB"]
[SourceTitle "playchess.com"]
[Source "ChessBase"]
[SourceQuality "1"]
[TimeControl "40/5400+30:1800+30"]

1. d4 Nf6 2. c4 e6 3. g3 d5 4. Nf3 dxc4 5. Bg2 a6 6. O-O b5 7. Ne5 c6 8. Nxc6 Qb6 9. Ne5 Bb7 10. e4 Nxe4 11. Re1 Nf6 12. a4 Bb4 13. Nc3 Bxg2 14. Kxg2 Ra7 15. Bg5 Bxc3 16. bxc3 Nd5 17. axb5 axb5 18. Rxa7 Qxa7 19. Qb1 Qb6 20. Kg1 O-O 21. Bd2 Rd8 22. Re4 Nc6 23. Rh4 f5 24. Nf3 b4 25. Qe1 Re8 26. cxb4 Ncxb4 27. Ne5 Rc8 28. Qe2 Qc7 29. Nxc4 Qxc4 30. Qxe6+ Kh8 31. Qxf5 Qc2 32. Rxh7+ Kg8 33. Qh3 Qb1+ 34. Kg2 Qe4+ 35. Kg1 Qb1+ 36. Kg2 Qe4+ 37. Kg1 Qb1+ 38. Kg2 Qe4+ 39. Kg1 Qb1+ 40. Kg2 Qe4+ 41. Kg1 Qb1+ 1/2-1/2

[Event "Serbian-ch Semifinal 2024"]
[Site "Paracin"]
[Date "2024.02.11"]
[Round "9.10"]
[White "Sedlak, Nikola"]
[Black "Milosevic, Milos"]
[Result "1/2-1/2"]
[ECO "B24"]
[WhiteElo "2463"]
[BlackElo "2388"]
[Annotator "TA"]
[PlyCount "26"]
[EventDate "2024.02.04"]
[EventType "swiss"]
[EventCountry "SRB"]
[SourceTitle "playchess.com"]
[Source "ChessBase"]
[SourceQuality "1"]
[TimeControl "40/5400+30:1800+30"]

1. e4 e6 2. d3 d5 3. Nc3 Nf6 4. e5 Nfd7 5. f4 c5 6. Nf3 Nc6 7. g3 b5 8. Bg2 b4 9. Ne2 Be7 10. O-O O-O 11. a3 bxa3 12. b3 a5 13. Bxa3 a4 {[%emt 0:00:10] White did not feel at home in the position after the opening.   Weighted Error Value: White=0.08 (flawless) /Black=0.05 (flawless) .  Inaccurate:     	White=1     	---        OK:         	White=1     	Black=3} 1/2-1/2

[Event "Serbian-ch Semifinal 2024"]
[Site "Paracin"]
[Date "2024.02.11"]
[Round "9.11"]
[White "Cuzovic, Ognjen"]
[Black "Arsovic, Zoran"]
[Result "0-1"]
[ECO "E90"]
[WhiteElo "2068"]
[BlackElo "2362"]
[Annotator "TA"]
[PlyCount "112"]
[EventDate "2024.02.04"]
[EventType "swiss"]
[EventCountry "SRB"]
[SourceTitle "playchess.com"]
[Source "ChessBase"]
[SourceQuality "1"]
[TimeControl "40/5400+30:1800+30"]

1. d4 Nf6 2. c4 d6 3. Nf3 Nbd7 4. Nc3 e5 5. e4 g6 6. Be2 Bg7 7. Bg5 h6 8. Bh4 a5 (8... g5 $11 {remains equal.} 9. Bg3 Nh5) 9. d5 ({Better is} 9. dxe5 $16 dxe5 10. Nxe5) 9... Nc5 10. Nd2 Bd7 11. O-O g5 12. Bg3 h5 13. h4 (13. f3 $1 $11) 13... Ng4 14. Nf3 Bf6 15. hxg5 Bxg5 16. Nxg5 Qxg5 17. f4 ({White should play} 17. Qc1 Qxc1 18. Raxc1) 17... Qe7 (17... exf4 $17 18. Bxf4 Qg7) 18. fxe5 $11 Nxe5 19. Bxe5 Qxe5 20. Qd2 Ke7 (20... Nxe4 21. Nxe4 Qxe4 22. Rf4 $14) 21. Qf4 f6 22. Rf2 Rag8 {[%emt 0:06:31] Active counter play!} 23. Raf1 Qxf4 24. Rxf4 Rh6 25. Nd1 Rg5 26. b3 Re5 27. Nc3 Rg6 28. Kh2 c6 29. Bd1 Reg5 {[%emt 0:00:31] [#] ...Nd3 is the strong threat.} 30. Bf3 Nd3 31. Rh4 Ne5 32. Rf2 Rg7 $36 {[%emt 0:03:25][%mdl 2048] White must now prevent ...Ng6. Black is pushing.} 33. Kh1 Ng6 34. Rh2 (34. Rxh5 $2 {loses.} Rxh5+ 35. Bxh5 Rh7 $19) 34... h4 35. Ne2 c5 36. Rf1 b5 37. Nc3 ({White should try} 37. cxb5 Bxb5 38. Ra1) 37... bxc4 $17 38. bxc4 Rh7 39. Nd1 Ne5 40. Ne3 Rh8 41. Be2 $2 {[%emt 0:31:00] This move loses the game for White.} (41. g4 $17) 41... Rg3 $19 42. Bf3 h3 {[%emt 0:02:06] [#] aiming for ...hxg2+.} 43. Nf5+ Bxf5 44. exf5 hxg2+ ({Resist} 44... Rh4 45. Rc1 $19) 45. Bxg2 Rxh2+ 46. Kxh2 {[%emt 0:00:00][%mdl 4096] Endgame. KRB-KRN} Rc3 47. Rb1 Ng4+ 48. Kg1 Rxc4 49. Rb7+ (49. Kf1 {was called for.}) 49... Kd8 {[%emt 0:00:28] Strongly threatening ...Rc1+.} 50. Bf3 (50. Rb1 $142) 50... Ne5 {[%emt 0:01:32] Black is clearly winning.} 51. Be2 Rc2 52. Ba6 (52. Kf2 $142) 52... c4 53. Rb8+ Ke7 54. Rb7+ Kf8 55. Rb6 Rd2 56. Rxd6 c3 {[%emt 0:00:50] Weighted Error Value: White=0.44/Black=0.20 (precise) .  Mistake:       	White=8     	Black=2      Inaccurate:     	White=4     	Black=1      OK:         	White=16    	Black=21     Best:        	White=3     	Black=3} (56... Rxa2 57. Rxf6+ Kg7 58. Rc6 Nxc6 59. dxc6 $19) 0-1